 Dungeon Crawl Stone Soup version 0.20-a0-833-gc632bec (webtiles) character file.

130 Dfrag the Firebug (level 4, 0/36 HPs)
             Began as a Deep Dwarf Fire Elementalist on Mar 8, 2017.
             Slain by a gnoll
             ... wielding a +0 flail
              (11 damage)
             ... on level 2 of the Dungeon.
             The game lasted 00:03:44 (1538 turns).

Dfrag the Firebug (Deep Dwarf Fire Elementalist)    Turns: 1538, Time: 00:03:45

Health: 0/36       AC:  2    Str: 11    XL:     4   Next: 90%
Magic:  1/8        EV: 12    Int: 17    God:
Gold:   97         SH:  0    Dex: 13    Spells: 7/8 levels left

rFire    . . .     SeeInvis .   h - -1 halberd (curse)
rCold    . . .     Gourm    .   a - +0 robe
rNeg     . . .     Faith    .   (shield currently unavailable)
rPois    .         Spirit   .   (no helmet)
rElec    .         Reflect  .   (no cloak)
rCorr    .         Harm     .   (no gloves)
MR       .....                  (no boots)
Stlth    ++........             (no amulet)
Regen    0.0/turn               (no ring)
MPRegen  0.2/turn               (no ring)

@: very slightly contaminated, non-regenerating
A: damage resistance, heal wounds, sense surroundings 1, no regeneration
a: Heal Wounds


You were on level 2 of the Dungeon.
You were not hungry.

You visited 1 branch of the dungeon, and saw 2 of its levels.

You collected 97 gold pieces.

Inventory:

Hand Weapons
 h - a cursed -1 halberd (weapon)
 n - a +0 dagger of electrocution
Armour
 a - a +0 robe (worn)
Scrolls
 d - a scroll of teleportation {unknown}
 e - a scroll of enchant weapon {unknown}
 f - a scroll of identify {unknown}
 g - a scroll of magic mapping {unknown}
 k - a scroll of recharging {unknown}
Potions
 i - a potion of berserk rage {unknown}
 m - 2 potions of brilliance {unknown}
Books
 b - a book of Flames

   Spells                             Type                      Level
   a - Flame Tongue                   Conjuration/Fire             1
   b - Throw Flame                    Conjuration/Fire             2
   c - Conjure Flame                  Conjuration/Fire             3
   d - Inner Flame                    Hexes/Fire                   3
   e - Sticky Flame                   Conjuration/Fire             4
   f - Fireball                       Conjuration/Fire             5
Comestibles
 c - 3 bread rations
 j - a fruit
 l - a royal jelly
 o - 2 chunks of flesh


   Skills:
 - Level 2.1 Dodging
 - Level 2.4 Stealth
 + Level 2.6 Spellcasting
 + Level 2.4 Conjurations
 + Level 3.8 Fire Magic


You had 7 spell levels left.
You knew the following spells:

 Your Spells              Type           Power        Failure   Level  Hunger
a - Flame Tongue          Conj/Fire      ##...        6%          1    #......


Dungeon Overview and Level Annotations

Branches:
Dungeon (2/15)

Altars:


Innate Abilities, Weirdness & Mutations

You are resistant to damage.
You can heal yourself by infusing magical energy.
You passively map a small area around you.
You do not regenerate.


Message History

Confirm with . or Enter, or press ? or * to list all spells.
Aiming: Flame Tongue
Press: ? - help, Shift-Dir - straight line, f/p - gnoll
Aim: a gnoll, wielding a flail (moderately wounded)
The flame tongue hits the gnoll.
The gnoll is heavily wounded.
Casting: Flame Tongue
Confirm with . or Enter, or press ? or * to list all spells.
You don't have enough magic to cast that spell.
Unknown command.
You closely miss the gnoll.
The gnoll is heavily wounded.
The gnoll barely misses you. The gnoll misses you.
You hit the gnoll.
The gnoll is almost dead.
The gnoll closely misses you.
You barely miss the gnoll.
The gnoll is almost dead.
The gnoll hits you with a flail!
You die...

####. * * ##.###.## ,,
###....#### ##.#.## .........#
#..####### ,
#....##.#####.##...... *
#..#..........##.##### # *
#....#..####......#### # .#...#.#
#.###....## ######## #.##....#
#.###..#.## .......### #...รท@..#
#.#....>..# .#.......# #####g###
#.#.#...... .#.###.#.# ##.##
#.#.....#.# ....##.#.# #...#
#.......#.# .#.>...#.# #...#
####.#...#.# .#.##..#.# #...#
#...........
.......#.######...####.##.#...#.#
##.......##............##.....#.#
....#.)...................#..##..


You could see a gnoll.

Vanquished Creatures
  Ijyb (D:2)
  4 adders (D:2)
  2 gnolls (D:2)
  2 oozes
  A worm (D:2)
  2 dart slugs (D:1)
  A leopard gecko (D:2)
  A ball python (D:2)
  4 giant cockroaches
  3 goblins
  3 hobgoblins
  A quokka (D:1)
  4 bats
  3 frilled lizards (D:2)
  3 kobolds
  5 rats
40 creatures vanquished.

Notes
Turn   | Place    | Note
-------+----------+-------------------------------------------
     0 | D:1      | Dfrag the Deep Dwarf Fire Elementalist began the quest for the Orb.
     0 | D:1      | Reached XP level 1. HP: 15/15 MP: 3/3
   117 | D:1      | Reached skill level 1 in Conjurations
   260 | D:1      | Reached XP level 2. HP: 22/22 MP: 0/4
   283 | D:1      | Reached skill level 3 in Fire Magic
   716 | D:2      | Reached XP level 3. HP: 20/28 MP: 0/6
  1166 | D:2      | Reached XP level 4. HP: 21/36 MP: 3/7
  1196 | D:2      | Noticed Ijyb
  1234 | D:2      | Killed Ijyb
  1538 | D:2      | Slain by a gnoll

Vault maps used:
D:1:      evilmike_arrival_rings
D:2:      first_bread, uniq_jessica, uniq_iyjb, uniq_robin

Skill      XL: |  1  2  3 |
---------------+----------+-----
Conjurations   | 1 2 |  2.4
Fire Magic     | 3 |  3.8
Spellcasting   | 2 |  2.6
Dodging        | |  2.1
Stealth        | |  2.4

Action                   |  1- 3 |  4- 6 || total
-------------------------+-------+-------++-------
Melee: Unarmed           |    31 |       ||    31
       Halberd           |     2 |    17 ||    19
 Cast: Flame Tongue      |    61 |    32 ||    93
 Abil: Heal Wounds       |     1 |     1 ||     2
  Eat: Chunk             |     2 |     1 ||     3
Armor: Robe              |    20 |     3 ||    23
Dodge: Dodged            |    52 |    21 ||    73
